 Dungeon Crawl Stone Soup version 0.21-a0-110-g8e1637b (webtiles) character file.

99 sagitran the Skirmisher (level 4, 0/37 HPs)
             Began as a Demonspawn Abyssal Knight on July 10, 2017.
             Was a Believer of Lugonu.
             Slain by a centaur zombie (1 damage)
             ... in an ossuary.
             The game lasted 00:14:10 (2708 turns).

sagitran the Skirmisher (Demonspawn Abyssal Knight) Turns: 2708, Time: 00:14:11

Health: 0/37       AC:  3    Str: 13    XL:     4   Next: 45%
Magic:  5/5        EV: 17    Int: 13    God:    Lugonu [**....]
Gold:   154        SH:  0    Dex: 18    Spells: 3/3 levels left

rFire    . . .     SeeInvis .   a - +1 falchion
rCold    . . .     Gourm    .   (no shield)
rNeg     . . .     Faith    .   b - +0 leather armour
rPois    .         Spirit   .   (helmet restricted)
rElec    .         Reflect  .   (no cloak)
rCorr    .         Harm     .   (no gloves)
MR       .....                  (no boots)
Stlth    ++++......             (no amulet)
HPRegen  0.12/turn              (no ring)
MPRegen  0.09/turn              (no ring)

@: agile, about to teleport
A: antennae 1, nightstalker 1, sturdy frame 1
a: Depart the Abyss, Bend Space, Renounce Religion


You were in an ossuary.
You worshipped Lugonu.
Lugonu was pleased with you.
You were not hungry.

You visited 1 branch of the dungeon, and saw 4 of its levels.
You visited the Abyss 1 time.
You also visited: Ossuary.

You collected 154 gold pieces.

Inventory:

Hand Weapons
 a - a +1 falchion (weapon)
Missiles
 g - 40 sling bullets (quivered)
Armour
 b - a +0 leather armour (worn)
Scrolls
 e - a scroll of teleportation
 j - 2 scrolls of enchant armour
Potions
 f - a potion of heal wounds {unknown}
Comestibles
 h - 7 fruits
 k - 2 meat rations
 m - 2 royal jellies


   Skills:
 + Level 3.7 Fighting
 + Level 2.8 Long Blades
 + Level 2.5 Armour
 + Level 1.3 Dodging
 + Level 0.6 Stealth
 + Level 2.6 Invocations


You had 3 spell levels left.
You didn't know any spells.

Dungeon Overview and Level Annotations

Branches:
Dungeon (4/15)
 Temple: D:4-7

Altars:
Hepliaklqana
Nemelex Xobeh


Innate Abilities, Weirdness & Mutations

You have a pair of small antennae on your head.
You are slightly more attuned to the shadows.
Your movements are slightly less encumbered by armour. (ER -2)


Message History

The centaur zombie closely misses you.
You riposte.
You hit the centaur zombie.
The centaur zombie is severely damaged.
The hobgoblin zombie hits you. The human zombie hits you.
The centaur zombie completely misses you.
You riposte.
You hit the centaur zombie.
The centaur zombie is severely damaged.
You barely miss the centaur zombie.
The centaur zombie is severely damaged.
The hobgoblin zombie completely misses you.
The centaur zombie hits you.
* * * LOW HITPOINT WARNING * * *
The human zombie hits you.
* * * LOW HITPOINT WARNING * * *
Okay, then.
As you read the scroll of teleportation, it crumbles to dust.
You feel strangely unstable. The centaur zombie closely misses you.
The hobgoblin zombie hits you.
* * * LOW HITPOINT WARNING * * *
The centaur zombie hits you.
You die...

#####
##...##
##.....##
#...∩...#
#.......#
#...@...#
##.ZZZ.##
##.Z.##


#ZZZ# #####..Z##### #Z..........# ##.........## #...........# ##.........## You
could see a goblin zombie, 2 hobgoblin zombies, 2 gnoll zombies, a big kobold
zombie, a centaur zombie and a human zombie.

Vanquished Creatures
  Terence (D:2)
  An ooze (D:1)
  A worm (D:4)
  4 leopard geckos
  5 giant cockroaches (D:2)
  4 goblins
  12 hobgoblins
  2 jackals (D:2)
  5 kobolds
  A quokka (D:2)
  9 bats
  5 frilled lizards
  7 rats
57 creatures vanquished.

Notes
Turn   | Place    | Note
-------+----------+-------------------------------------------
     0 | Abyss:1  | sagitran the Demonspawn Abyssal Knight began the quest for the Orb.
     0 | Abyss:1  | Reached XP level 1. HP: 18/18 MP: 2/2
    81 | Abyss:1  | Noticed a hellwing
    83 | Abyss:1  | Noticed an iron imp
   101 | Abyss:1  | Noticed a wretched star
   102 | D:1      | Escaped the Abyss
   373 | D:1      | Reached * piety under Lugonu
   390 | D:1      | Gained mutation: Your movements are slightly less encumbered by armour. (ER -2) [demonic ancestry]
   390 | D:1      | Reached XP level 2. HP: 17/24 MP: 3/3
   634 | D:1      | Reached skill level 1 in Dodging
   941 | D:1      | Gained mutation: You are slightly more attuned to the shadows. [demonic ancestry]
   941 | D:1      | Reached XP level 3. HP: 21/29 MP: 4/4
  1691 | D:2      | Found a sparkling altar of Nemelex Xobeh.
  1740 | D:2      | Reached ** piety under Lugonu
  1779 | D:2      | HP: 1/29 [worm (7)]
  2090 | D:2      | Noticed Terence
  2108 | D:2      | Killed Terence
  2108 | D:2      | Gained mutation: You have a pair of small antennae on your head. [demonic ancestry]
  2108 | D:2      | Reached XP level 4. HP: 24/37 MP: 5/5
  2236 | D:2      | Found a hazy altar of Hepliaklqana.
  2671 | D:4      | Found a sand-covered staircase.
  2690 | Ossuary  | Entered an ossuary
  2707 | Ossuary  | HP: 1/37 [hobgoblin zombie (2)]
  2708 | Ossuary  | Slain by a centaur zombie

Vault maps used:
D:1:      mushboom_english_gardens, hangedman_decor_clover_reticule,
          supply_closet_lemuel, hangedman_glass_teeth
D:2:      nemelex_altar_shiori, overflow_temple_1_default, serial_forest,
          infiniplex_forest_lined_room_2, infiniplex_forest_straight_3,
          infiniplex_forest_clump_tiny, infiniplex_forest_lined_3_way,
          infiniplex_forest_clump_small, infiniplex_forest_zigzag_1,
          infiniplex_forest_end_3, infiniplex_forest_clump_medium,
          infiniplex_forest_side_room, uniq_terence
D:3:      first_bread
D:4:      nicolae_ossuary_entry_monument
Ossuary:  minmay_ossuary_gauntlet

Skill      XL: |  1  2 |
---------------+-------+-----
Long Blades    | 2 |  2.8
Armour         | 2 |  2.5
Dodging        | 1 |  1.3
Fighting       | |  3.7
Stealth        | |  0.6
Invocations    | |  2.6

Action                   |  1- 3 |  4- 6 || total
-------------------------+-------+-------++-------
Melee: Falchion          |   163 |    34 ||   197
Invok: Depart the Abyss  |     1 |       ||     1
  Use: Potion            |     2 |     1 ||     3
       Scroll            |       |     5 ||     5
 Stab: Sleeping          |     4 |     1 ||     5
  Eat: Bread ration      |     1 |     1 ||     2
Armor: Leather armour    |    78 |     1 ||    79
Dodge: Dodged            |   111 |    28 ||   139
       Rpst.: Falchion   |    39 |     9 ||    48
